 Dungeon Crawl Stone Soup version 0.28-a0-938-gbc3f381ebc (webtiles) character file.

Game seed: 14962070805116257309

4 GenialerGandalf the Magician (level 1, -2/11 HPs)
             Began as an Octopode Hedge Wizard on Nov 28, 2021.
             Frozen to death by an endoplasm (3 damage)
             ... on level 1 of the Dungeon.
             The game lasted 00:01:02 (228 turns).

GenialerGandalf the Magician (Octopode Hedge Wizard) Turns: 228, Time: 00:01:03

Health: -2/11      AC:  1    Str:  9    XL:     1   Next: 60%
Magic:  4/4        EV: 13    Int: 16    God:
Gold:   0          SH:  0    Dex: 11    Spells: 5/6 levels left

rFire   . . .      SeeInvis .   a - +0 dagger
rCold   . . .      Faith    .   (no shield)
rNeg    . . .      Spirit   .   b - +0 hat
rPois   .          Reflect  .   (no amulet)
rElec   .          Harm     .   (no ring)
rCorr   .          Rampage  .   (no ring)
Will    .....                   (no ring)
Stlth   +++.......              (no ring)
HPRegen 0.03/turn               (no ring)
MPRegen 0.09/turn               (no ring)
                                (no ring)
                                (no ring)

@: no status effects
A: almost no armour, amphibious, 8 rings, camouflage 1, gelatinous body 1,
(nimble swimmer 1), tentacles
a: no special abilities


You were on level 1 of the Dungeon.
You visited 1 branch of the dungeon, and saw 1 of its levels.

Inventory:

Hand Weapons
 a - a +0 dagger (weapon)
Armour
 b - a +0 hat (worn)


   Skills:
 + Level 2.0 Dodging
 + Level 2.6 Stealth
 + Level 3.2 Spellcasting
 + Level 1.0 Conjurations
 + Level 1.0 Summonings
 + Level 1.0 Translocations


You had 5 spell levels left.
You knew the following spells:

 Your Spells              Type           Power      Damage    Failure   Level
a - Magic Dart            Conj           20%        1d4       12%         1

Your spell library contained the following spells:

 Spells                   Type           Power      Damage    Failure   Level
 Slow                     Hex            8%         N/A       19%         1
 Blink                    Tloc           10%        N/A       19%         2
 Call Imp                 Summ           5%         N/A       19%         2
 Conjure Flame            Conj/Fire      4%         6-21      41%         3
 Mephitic Cloud           Conj/Pois/Air  3%         N/A       43%         3


Dungeon Overview and Level Annotations

Branches:
Dungeon (1/15)

Altars:


Innate Abilities, Weirdness & Mutations

You cannot wear most types of armour.
You are amphibious.
You can wear up to eight rings at the same time.
Your skin changes colour to match your surroundings (Stealth+).
Your rubbery body absorbs attacks. (AC +1, EV +1)
((You are camouflaged near water. (Stealth+)))
You have tentacles for arms and can constrict up to eight enemies at once.


Message History

You hit the kobold but do no damage. Your grab misses the kobold.
The kobold closely misses you.
You barely miss the kobold. Your grab misses the kobold.
You squeeze the kobold, but do no damage.
The kobold closely misses you.
You closely miss the kobold. You grab the kobold. You constrict the kobold.
The kobold barely misses you.
You hit the kobold but do no damage.
The kobold is moderately wounded.
You constrict the kobold, but do no damage.
The kobold hits you with a +0 dagger.
You barely miss the kobold.
The kobold is moderately wounded.
You constrict the kobold, but do no damage.
The kobold misses you. The endoplasm closely misses you.
You hit the kobold.
You kill the kobold!
The endoplasm closely misses you. The endoplasm barely misses you.
Things that are here:
a +0 dagger; 4 stones The endoplasm closely misses you.
The endoplasm hits you.
The endoplasm quivers.
You hit the endoplasm.
The endoplasm is lightly wounded.
The endoplasm freezes you.
You are frozen.
* * * LOW HITPOINT WARNING * * *
You hit the endoplasm.
The endoplasm is moderately wounded.
The endoplasm closely misses you.
You barely miss the endoplasm.
The endoplasm is moderately wounded.
The endoplasm closely misses you.
You hit the endoplasm.
The endoplasm is heavily wounded.
The endoplasm freezes you.
You are frozen.
You die...

.............
J...........#
............#
J...........#
............#
............# ♣♣♣
............# ♣♣♣♣8♣♣♣♣
........J...# ♣♣.......♣♣
.....[...@J.#♣♣.♣♣♣♣♣♣♣.♣♣
..........).♣♣.♣♣.....♣♣.♣
..#########†♣.♣♣.♣♣♣♣♣.♣♣.
. #...♣♣.♣♣...♣♣.♣.
#...♣.♣♣.♣♣♣.♣.♣.
#..♣♣.♣..♣8♣.♣.♣.
#..♣..♣.♣....♣.♣.
###♣<♣♣.♣.♣8♣..♣.
♣♣♣.♣♣.♣♣♣.♣♣.


You could see 2 endoplasms.

Vanquished Creatures
  2 jackals (D:1)
  A kobold (D:1)
  A rat (D:1)
4 creatures vanquished.

Notes
Turn   | Place    | Note
-------+----------+-------------------------------------------
     0 | D:1      | GenialerGandalf the Octopode Hedge Wizard began the quest
                  | for the Orb.
     0 | D:1      | Reached XP level 1. HP: 11/11 MP: 4/4
   228 | D:1      | Frozen to death by an endoplasm

Illustrated notes

Levels and vault maps discovered:
D:1:      nagdon_arrival_double_spiral, layout_basic,
          shapermc_ecumenical_altar_mp_vishouse, minmay_nonomino_d4

Action                   || total
-------------------------++-------
Melee: Dagger            ||    17
       Constrict         ||     4
       Tentacles         ||     2
Armor: Skin              ||     3
Dodge: Dodged            ||    19

Table legend: (Time is in decaauts)
 A = Elapsed time spent in this place.
 B = Non-inter-level travel time spent in this place.
 C = Inter-level travel time spent in this place.
 D = Time resting spent in this place.
 E = Time spent auto-exploring this place.
 F = Levels seen in this place.
 G = Mean time per level.
                   A        B        C        D        E       F      G
               +--------+--------+--------+--------+--------+-----+--------+
         Total |    228 |    218 |     10 |    100 |      0 |   1 |  228.0 |
       Dungeon |    228 |    218 |     10 |    100 |      0 |   1 |  228.0 |
               +--------+--------+--------+--------+--------+-----+--------+

Top non-repeatable levels by time:
     D:1: 228 daAuts
